 Dungeon Crawl Stone Soup version 0.29.1-12-g30fa7ad0bf (webtiles) character file.

Game seed: 3046770769887081044

142 zlionsfan the Slasher (level 5, -2/37 HPs)
             Began as a Formicid Wanderer on Jan 14, 2023.
             Slain by a lemure (5 damage)
             ... led by Pikel
             ... on level 3 of the Dungeon.
             The game lasted 00:09:09 (2870 turns).

zlionsfan the Slasher (Formicid Wanderer)           Turns: 2870, Time: 00:09:09

Health: -2/37      AC:  3    Str: 12    XL:     5   Next: 50%
Magic:  7/9        EV: 15    Int: 19    God:
Gold:   111        SH:  5    Dex: 18    Spells: 7/10 levels left

rFire   . . .      SeeInvis +   a - +3 falchion
rCold   . . .      Faith    .   b - +0 buckler
rNeg    . . .      Spirit   .   d - +0 leather armour
rPois   .          Reflect  .   (helmet unavailable)
rElec   .          Harm     .   (no cloak)
rCorr   .          Rampage  .   (no gloves)
Will    .....                   (no boots)
Stlth   +.........              (no amulet)
HPRegen 0.12/turn               h - +4 ring of evasion
MPRegen 0.11/turn               l - +6 ring of intelligence

@: brilliant
A: permanent stasis, dig shafts and tunnels, antennae 3, four strong arms
a: Dig, Shaft Self


You were on level 3 of the Dungeon.
You visited 1 branch of the dungeon, and saw 4 of its levels.

You collected 111 gold pieces.

Inventory:

Hand Weapons
 a - a +3 falchion (weapon)
Missiles
 j - 3 javelins (quivered)
Armour
 b - a +0 buckler (worn)
 d - a +0 leather armour (worn)
Jewellery
 h - a +4 ring of evasion (left hand)
 l - a +6 ring of intelligence (right hand)
Scrolls
 e - 2 scrolls of amnesia
 g - a scroll of fog {unknown}
 k - a scroll of fear {unknown}
 n - a scroll of enchant armour {unknown}
Potions
 p - 2 potions of lignification
 q - a potion of invisibility {unknown}


   Skills:
 + Level 1.2 Fighting
 * Level 4.0 Long Blades
 + Level 1.2 Armour
 + Level 0.6 Dodging
 + Level 1.8 Shields
 * Level 3.3 Spellcasting
 * Level 3.0 Ice Magic
 + Level 1.1 Evocations


You had 7 spell levels left.
You knew the following spells:

 Your Spells              Type           Power      Damage    Failure   Level
a - Freeze                Ice            84%        1d10      7%          1
b - Ensorcelled Hibernat  Hex/Ice        26%        N/A       19%         2

Your spell library contained the following spells:

 Spells                   Type           Power      Damage    Failure   Level
 Ozocubu's Armour         Ice            21%        N/A       21%         3
 Beastly Appendage        Tmut           8%         N/A       24%         1
 Passwall                 Tmut/Erth      3%         N/A       36%         2
 Wereblood                Tmut           4%         N/A       36%         2
 Spider Form              Tmut/Pois      4%         N/A       58%         3
 Summon Forest            Summ/Tloc      2%         N/A       100%        5
 Eringya's Noxious Bog    Tmut/Pois      2%         N/A       100%        6
 Summon Hydra             Summ           2%         N/A       100%        7
 Swiftness                Air            Unusable   N/A       N/A         3

Dungeon Overview and Level Annotations

Branches:
Dungeon (4/15)
 Temple: D:4-7

Altars:

Shops:
D:2 [

Annotations:
D:4 Pikel


Innate Abilities, Weirdness & Mutations

You cannot be hasted, slowed, berserked, paralysed or teleported.
You can dig through walls and to a lower floor.
You have a pair of large antennae on your head. (SInv)
Your four strong arms can wield two-handed weapons with a shield.


Message History

As you read the scroll of summoning, it crumbles to dust.
Wisps of shadow whirl around you...
The shadows disperse without effect.
The orc hits you with a +0 club. The lemure completely misses you.
The orc completely misses you.
Casting: Freeze (safe; 7% risk of failure)
Confirm with . or Enter, or press ? or * to list all spells.
Aiming: Freeze (safe; 7% risk of failure)
Press: ? - help, Shift-Dir - straight line, f - orc
Aim: an orc, wielding a +0 short sword You freeze the orc.
The orc is severely wounded.
The orc closely misses you. The lemure hits you! The orc closely misses you.
Unknown command.
You hit the orc.
You kill the orc!
The orc hits you with a +0 club. The orc misses you. The lemure hits you.
* * * LOW HITPOINT WARNING * * *
It was a potion of brilliance.
You feel clever all of a sudden. You block the orc's attack.
The lemure misses you. x2
It was a potion of curing.
You feel better. The orc hits you with a +0 club. The lemure hits you.
You block the lemure's attack.
Casting: Freeze (safe; 7% risk of failure)
Confirm with . or Enter, or press ? or * to list all spells.
Aiming: Freeze (safe; 7% risk of failure)
Press: ? - help, Shift-Dir - straight line, f - lemure
Aim: a lemure You feel a surge of power!
You freeze the lemure.
The lemure is lightly wounded.
The orc hits you with a +0 club.
* * * LOW HITPOINT WARNING * * *
You block the lemure's attack. The lemure hits you!
* * * LOW HITPOINT WARNING * * *
As you read the scroll labelled ATORAVIONG, it crumbles to dust.
It is a scroll of enchant weapon.
Your +2 falchion glows red for a moment.
The orc completely misses you. The lemure hits you.
* * * LOW HITPOINT WARNING * * *
The lemure hits you.
You die...

########
#....5@###########
#..###5oo........######
##...###########.......
###.# #..## #######.
#.# #...# #.. #.##
#...# #..
##..####..#########..
##....# ##............
##.....####..########..


You could see 2 lemures, an orc priest and an orc.

Vanquished Creatures
  An orc priest (D:3)
  5 adders
  4 dart slugs
  An orc (D:3)
  6 endoplasms
  A giant cockroach (D:1)
  3 goblins
  7 jackals
  2 quokkas
  7 ball pythons
  4 bats
  14 frilled lizards
  4 kobolds
  4 rats
63 creatures vanquished.

Vanquished Creatures (others)
  3 plants (D:3)
3 creatures vanquished.

Grand Total: 66 creatures vanquished

Notes
Turn   | Place    | Note
-------+----------+-------------------------------------------
     0 | D:1      | zlionsfan the Formicid Wanderer began the quest for the
                  | Orb.
     0 | D:1      | zlionsfan set off with the following items: a +2 falchion,
                  | a +0 buckler, a scroll of summoning, a +0 leather armour;
                  | and the following spell memorised: Freeze; and the
                  | following spells available to memorise: Ozocubu's Armour.
     0 | D:1      | Reached XP level 1. HP: 15/15 MP: 3/3
   262 | D:1      | Reached XP level 2. HP: 21/21 MP: 1/5
   733 | D:1      | Found a faded altar of an unknown god.
   899 | D:2      | Reached XP level 3. HP: 26/26 MP: 4/6
   955 | D:2      | Learned a level 2 spell: Ensorcelled Hibernation
  1580 | D:2      | Reached XP level 4. HP: 32/32 MP: 8/8
  1703 | D:2      | Found Qofo's Antique Armour Boutique.
  2200 | D:3      | Reached skill level 1 in Armour
  2213 | D:3      | Reached XP level 5. HP: 24/37 MP: 5/9
  2705 | D:3      | Reached skill level 4 in Long Blades
  2861 | D:4      | Noticed Pikel
  2861 | D:4      | Noticed a lemure
  2861 | D:4      | Noticed a lemure
  2861 | D:4      | Noticed a lemure
  2861 | D:4      | Noticed a lemure
  2870 | D:3      | Slain by a lemure

Illustrated notes

Levels and vault maps discovered:
D:1:      dpeg_arrival_three_same_balls, layout_rooms,
          dilly_ecumenical_altar_fadedgnrine, grunt_decor_arrowhead
D:2:      layout_basic, serial_shops, nicolae_shop_advertising_works
          [nicolae_subvault_shop_adworks], grunt_decor_resistance
D:3:      layout_rooms, grunt_ministairs_6, minmay_lizard_king
D:4:      layout_rooms, mainiacjoe_overflow_24_doors,
          minmay_temple_entry_enclosed_plants, chequers_big_river,
          lightli_minifort, uniq_pikel

Skill      XL: |  1  2  3  4  5 |
---------------+----------------+-----
Spellcasting   | 3 |  3.3
Armour         | 1 |  1.2
Long Blades    | 4 |  4.0
Ice Magic      | 3 |  3.0
Fighting       | |  1.2
Dodging        | |  0.6
Shields        | |  1.8
Evocations     | |  1.1

Action                   |  1- 3 |  4- 6 || total
-------------------------+-------+-------++-------
Melee: Falchion          |    39 |    61 ||   100
Throw: Javelin           |       |     3 ||     3
 Cast: Freeze            |    17 |    23 ||    40
 Abil: Dig               |       |     1 ||     1
  Use: Scroll            |       |     5 ||     5
       Potion            |       |     2 ||     2
 Stab: Sleeping          |       |     1 ||     1
Armor: Leather armour    |    13 |    11 ||    24
Dodge: Dodged            |    28 |    61 ||    89
Block: Buckler           |    10 |    21 ||    31
